 Dungeon Crawl Stone Soup version bcrawl-1.34.4 (webtiles) character file.

Game seed: 2871016499281507360

129552 KristoblXynda the Slasher (level 3, 0/29 HPs)
             Began as a Vampire Gladiator on Oct 25, 2021.
             Slain by a jackal (1 damage)
             ... on level 2 of the Dungeon.
             The game lasted 00:01:54 (1243 turns).

KristoblXynda the Slasher (Vampire Gladiator)       Turns: 1243, Time: 00:01:55

Health: 0/29       AC:  4    Str: 18    XL:     3   Next: 60%
Magic:  3/3        EV: 13    Int:  8    God:
Gold:   52         SH:  1    Dex: 14    Spells: 2/2 levels left

rFire    . . .     SeeInvis +   a - +0 long sword
rCold    + + .     Gourm    .   (no shield)
rNeg     + + .     Faith    .   b - +0 leather armour
rPois    ∞         Spirit   .   c - +0 helmet
rElec    .         Reflect  .   (no cloak)
rCorr    .         Harm     .   (no gloves)
MR       .....                  (no boots)
Stlth    +++.......             (no amulet)
HPRegen  0.04/turn              h - ring of protection from cold
MPRegen  0.08/turn              (no ring)

@: regenerating slowly
A: claws 1, fangs 3, see invisible, unbreathing
a: no special abilities


You were on level 2 of the Dungeon.
You were thirsty.

You visited 1 branch of the dungeon, and saw 2 of its levels.

You collected 52 gold pieces.

Inventory:

Hand Weapons
 a - a +0 long sword (weapon)
Missiles
 d - 3 throwing nets {=f}
Armour
 b - a +0 leather armour (worn)
 c - a +0 helmet (worn)
Jewellery
 h - a ring of protection from cold (left claw)
Scrolls
 f - a scroll of teleportation {unknown}
 i - 2 scrolls of identify
 k - a scroll of noise {unknown}
Potions
 e - a potion of heal wounds
 g - 2 potions of mutation {unknown}
 j - a potion of resistance {unknown}
 q - 12 potions of blood


   Skills:
 + Level 3.1 Fighting
 + Level 4.2 Long Blades
 + Level 2.1 Throwing
 + Level 3.8 Dodging


You had 2 spell levels left.
You didn't know any spells.
Your spell library was empty.

Dungeon Overview and Level Annotations

Branches:
Dungeon (2/12)

Altars:
Fedhas


Innate Abilities, Weirdness & Mutations

You heal slowly.
You are immune to poison.
You have sharp fingernails.
You have razor-sharp teeth.
You have supernaturally acute eyesight. (SInv)
You can survive without breathing.


Message History

A worker ant comes into view.
You hit the jackal.
The jackal is moderately wounded.
The jackal bites you.
A jackal comes into view.
You hear a grinding noise.
The jackal bites you but does no damage.
The jackal closely misses you.
The jackal barks!
Yummy - fresh blood!
The jackal barely misses you. The jackal barely misses you.
The worker ant bites you.
* * * LOW HITPOINT WARNING * * *
The jackal bites you but does no damage.
The jackal closely misses you.
You hear a grinding noise.
The jackal closely misses you. The worm bites you!
* * * LOW HITPOINT WARNING * * *
You hear a grinding noise.
The jackal bites you.
You die...

...###...###.........≈≈≈≈..P≈≈
##.......# #........≈≈≈≈P♣♣P.≈
#...<..#.# #........≈≈≈≈>P_P<≈
..######.###........≈≈≈≈♣.P ≈
.## ##.............≈≈≈≈..♣
#######..............≈≈≈≈≈≈≈
###.......#...........≈≈≈≈≈
..#.......#............≈≈≈≈
#.#.............@....#...≈≈
..######.####.#.ah.........
...>######....###.hw.#.....
....#.........###..>.......
....#....#######...........
....#.####....##.#...##...
...##......÷..#..#...# ..
....#....####.####.÷.# .
....######....# #...#


You could see a worm, a worker ant and 2 jackals.

Vanquished Creatures
  An adder (D:2)
  2 leopard geckos
  A ball python (D:1)
  5 giant cockroaches
  8 hobgoblins
  2 jackals (D:2)
  5 kobolds
  A quokka (D:2)
  6 bats
  3 rats
34 creatures vanquished.

Notes
Turn   | Place    | Note
-------+----------+-------------------------------------------
     0 | D:1      | KristoblXynda the Vampire Gladiator began the quest for the
                  | Orb.
     0 | D:1      | Reached XP level 1. HP: 17/17 MP: 1/1
   197 | D:1      | Reached XP level 2. HP: 23/23 MP: 2/2
   411 | D:1      | Reached skill level 4 in Long Blades
   875 | D:2      | Reached XP level 3. HP: 17/29 MP: 3/3
  1114 | D:2      | Found a blossoming altar of Fedhas.
  1241 | D:2      | HP: 1/29 [worm (7)]
  1243 | D:2      | Slain by a jackal

Skill      XL: |  1  2 |
---------------+-------+-----
Long Blades    | 4 |  4.2
Fighting       | 3 |  3.1
Throwing       | 2 |  2.1
Dodging        | |  3.8

Action                   || total
-------------------------++-------
Melee: Long sword        ||    87
       Bite              ||     6
  Use: Potion            ||     2
 Stab: Sleeping          ||     4
       Distracted        ||     1
Armor: Leather armour    ||    30
Dodge: Dodged            ||    72
